Calgary Flames vs Montreal Canadiens
Created - Tuesday, March 4, 2025 at 08:44
Goals
|
| Calgary Flames |
2 |
0 |
1 |
3 |
| Montreal Canadiens |
1 |
0 |
0 |
1 |
|
Shots
|
| Calgary Flames |
12 |
6 |
12 |
30 |
| Montreal Canadiens |
12 |
8 |
6 |
26 |
|
1st period
1. Montreal Canadiens , Martin Necas 9 (Brady Skjei 4) at 9:38
2. Calgary Flames , Joel Eriksson Ek 6 (Sebastian Aho 16, Zach Hyman 16) at 9:50
3. Calgary Flames , Sebastian Aho 8 (Drew Doughty 5) at 13:28
Penalties :
Joel Eriksson Ek (CGY) for Cross-checking (Minor) at 19:31, Juraj Slafkovsky (MTL) for Holding (Minor) at 19:38
2nd period
No Goal
Penalties :
Juraj Slafkovsky (MTL) for Tripping (Minor) at 7:20, Joel Eriksson Ek (CGY) for Holding (Minor) at 10:58
3rd period
4. Calgary Flames , Mathieu Joseph 3 (Nicholas Paul 4, Kris Letang 8) at 1:17
Penalties :
Adam Fox (MTL) for Slashing (Minor) at 1:36, Martin Necas (MTL) for Tripping (Minor) at 8:16, Jeremy Lauzon (CGY) for High sticking (Double Minor) at 12:14, Justin Faulk (MTL) for Interference (Minor) at 18:41, Zach Hyman (CGY) for Tripping (Minor) at 18:46
Goalie Stats
Ilya Sorokin (CGY), 25 saves from 26 shots - (0.962), W, 15-6-0, 60:00 minutes
David Rittich (MTL), 27 saves from 30 shots - (0.900), L, 3-8-2, 60:00 minutes
Players Stats for Calgary Flames
Player Name G A P +/- PIM S H SB GA TA FO MP PP MP PK MP
------------------------------------------------------------------------------------
Bo Horvat 0 0 0 -1 0 1 2 0 0 0 7/9 10:50 0:00 0:00
Cale Makar 0 0 0 -1 0 1 1 1 1 1 0/0 23:22 2:58 2:40
Chris Kreider 0 0 0 0 0 1 0 0 3 0 1/1 19:52 3:06 2:34
Drew Doughty 0 1 1 -1 0 1 2 1 0 0 0/0 23:20 2:58 2:12
Filip Hronek 0 0 0 0 0 0 1 1 0 0 0/0 14:13 0:00 0:48
J.T. Miller 0 0 0 0 0 0 2 0 0 0 11/22 19:14 3:06 2:21
Jake Middleton 0 0 0 0 0 0 0 0 0 0 0/0 15:02 0:00 2:02
Jeremy Lauzon 0 0 0 3 4 2 3 0 0 0 0/0 21:29 3:11 1:12
Joel Eriksson Ek 1 0 1 2 4 4 1 0 0 0 0/0 14:37 0:00 1:36
Kris Letang 0 1 1 3 0 1 1 1 0 0 0/0 22:33 3:11 3:16
Mathieu Joseph 1 0 1 1 0 2 0 1 0 0 0/0 8:35 0:00 0:00
Matthew Tkachuk 0 0 0 0 0 4 1 0 0 0 0/1 15:52 3:06 0:00
Nic Dowd 0 0 0 1 0 1 0 0 0 1 0/0 10:00 0:00 0:00
Nicholas Paul 0 1 1 1 0 2 1 0 1 0 1/3 10:54 0:00 1:37
Oliver Bjorkstrand 0 0 0 -1 0 2 0 0 1 0 0/0 9:40 0:00 0:00
Pavel Zacha 0 0 0 -1 0 3 2 1 0 0 0/0 15:02 3:03 1:40
Sebastian Aho 1 1 2 2 0 4 0 1 1 0 6/21 19:50 3:03 2:22
Zach Hyman 0 1 1 2 2 1 2 1 1 0 0/1 16:21 3:02 0:00
Players Stats for Montreal Canadiens
Player Name G A P +/- PIM S H SB GA TA FO MP PP MP PK MP
------------------------------------------------------------------------------------
Adam Fox 0 0 0 0 2 0 1 1 0 0 0/0 25:32 2:52 1:54
Alex Iafallo 0 0 0 -1 0 4 0 0 0 1 0/0 13:32 2:10 2:59
Aliaksei Protas 0 0 0 -1 0 0 0 0 0 0 0/0 11:47 1:02 0:09
Andreas Athanasiou 0 0 0 -1 0 2 0 0 0 0 1/1 7:38 0:00 0:00
Brady Skjei 0 1 1 0 0 0 0 4 0 1 0/0 25:33 2:38 3:00
Damon Severson 0 0 0 -1 0 0 1 2 0 1 0/0 21:38 2:38 3:16
Dylan Larkin 0 0 0 -1 0 3 0 0 0 0 12/21 19:05 2:42 0:00
Ethen Frank 0 0 0 -1 0 0 0 0 0 2 1/1 7:20 0:00 0:00
Evgeni Dadonov 0 0 0 1 0 3 0 1 0 0 0/0 13:01 1:34 0:09
Ilya Lyubushkin 0 0 0 -1 0 0 0 0 0 0 0/0 11:50 0:35 0:00
Jack Johnson 0 0 0 -1 0 1 0 0 0 2 0/0 13:22 0:35 0:59
Jake Evans 0 0 0 -1 0 0 0 0 0 0 5/6 14:06 0:39 2:54
Juraj Slafkovsky 0 0 0 -1 4 2 1 0 0 0 1/2 18:00 2:26 0:00
Justin Faulk 0 0 0 -1 2 0 1 4 0 1 0/0 22:04 2:52 3:09
Martin Necas 1 0 1 1 2 5 0 0 0 0 0/0 15:04 2:48 0:00
Ryan Poehling 0 0 0 -1 0 4 1 0 1 0 7/13 16:40 0:15 3:06
Teddy Blueger 0 0 0 1 0 0 0 0 0 0 4/12 16:00 2:24 2:54
Vladimir Tarasenko 0 0 0 -1 0 2 0 1 1 0 1/2 18:29 2:14 0:07
3 Stars
1 - Sebastian Aho (CGY)
2 - Ilya Sorokin (CGY)
3 - Kris Letang (CGY)
Power Play
Calgary Flames - 0 on 5 Attempt(s) - 0.00%
Montreal Canadiens - 0 on 5 Attempt(s) - 0.00%
Penalty Kill
Calgary Flames - 5 on 5 Attempt(s) - 100.00%
- Score 0 goal in Penalty Kill
Montreal Canadiens - 5 on 5 Attempt(s) - 100.00%
- Score 0 goal in Penalty Kill
Team Stat
Calgary Flames - Hits : 19 - Faceoff Wins : 26 - Blocked Shots : 8 - Penalty Minutes : 10
Montreal Canadiens - Hits : 5 - Faceoff Wins : 32 - Blocked Shots : 13 - Penalty Minutes : 10
Official
Referees : Kevin Pollock and Corey Syvret
Linesman : CJ Murray and Ben O'Quinn
Game Notes
No Game Note
Finance
Level 1 -- Attendance: 6000 (100.00%) -- Ticket Income $558,000
Level 2 -- Attendance: 4429 (88.58%) -- Ticket Income $234,737
Level 3 -- Attendance: 3000 (100.00%) -- Ticket Income $96,000
Level 4 -- Attendance: 4745 (94.90%) -- Ticket Income $104,390
Luxury Box -- Attendance: 748 (74.80%) -- Ticket Income $145,860
Game was played at the Bell Centre.
Total Attendance: 18922 (94.61%)
Total Ticket Income: $1,138,987
Other Income: $398,645
Total Income: $1,537,632
Calgary Flames
5 vs 5 Forward
Center Left Wing Right Wing Time % Phy DF OF
1 J.T. Miller Chris Kreider Matthew Tkachuk 30 0 3 2
2 Sebastian Aho Joel Eriksson Ek Zach Hyman 30 0 3 2
3 Bo Horvat Pavel Zacha Oliver Bjorkstrand 25 0 2 3
4 Nicholas Paul Nic Dowd Mathieu Joseph 15 1 2 2
5 vs 5 Defense
Defense Defense Time % Phy DF OF
1 Drew Doughty Cale Makar 35 0 2 3
2 Kris Letang Jeremy Lauzon 35 0 2 3
3 Filip Hronek Jake Middleton 30 1 2 2
4 Drew Doughty Cale Makar 0 1 2 2
PowerPlay Forward
Center Left Wing Right Wing Time % Phy DF OF
1 J.T. Miller Chris Kreider Matthew Tkachuk 50 1 2 2
2 Sebastian Aho Pavel Zacha Zach Hyman 50 1 2 2
PowerPlay Defense
Defense Defense Time % Phy DF OF
1 Drew Doughty Cale Makar 50 1 2 2
2 Kris Letang Jeremy Lauzon 50 1 2 2
Penalty Kill 4 Players Forward
Center Wing Time % Phy DF OF
1 J.T. Miller Chris Kreider 50 1 2 2
2 Sebastian Aho Joel Eriksson Ek 50 1 2 2
Penalty Kill 4 Players Defense
Defense Defense Time % Phy DF OF
1 Drew Doughty Cale Makar 50 1 2 2
2 Kris Letang Jeremy Lauzon 50 1 2 2
Penalty Kill - 3 Players Forward
Forward Time % Phy DF OF
1 J.T. Miller 50 1 2 2
2 Chris Kreider 50 1 2 2
Penalty Kill - 3 Players Defense
Defense Defense Time % Phy DF OF
1 Drew Doughty Cale Makar 50 1 2 2
2 Kris Letang Jeremy Lauzon 50 1 2 2
4 vs 4 Forward
Center Wing Time % Phy DF OF
1 J.T. Miller Chris Kreider 50 1 2 2
2 Sebastian Aho Joel Eriksson Ek 50 1 2 2
4 vs 4 Defense
Defense Defense Time % Phy DF OF
1 Drew Doughty Cale Makar 50 1 2 2
2 Kris Letang Jeremy Lauzon 50 1 2 2
Last Minutes Offensive
Center Left Wing Right Wing Defense Defense
J.T. Miller Chris Kreider Matthew Tkachuk Drew Doughty Cale Makar
Last Minutes Defensive
Center Left Wing Right Wing Defense Defense
J.T. Miller Chris Kreider Matthew Tkachuk Drew Doughty Cale Makar
Goaltenders
Starting : Ilya Sorokin
Backup : Samuel Montembeault
Extra Forwards
Normal : Nic Dowd, Bo Horvat, Nicholas Paul - PP : Nic Dowd, Bo Horvat - PK : Nicholas Paul
Extra Defensemen
Normal : Filip Hronek, Jake Middleton, Kris Letang - PP : Filip Hronek - PK : Jake Middleton, Kris Letang
Penalty Shots
J.T. Miller, Chris Kreider, Sebastian Aho, Joel Eriksson Ek, Bo Horvat
Scratches
None
Montreal Canadiens
5 vs 5 Forward
Center Left Wing Right Wing Time % Phy DF OF
1 Dylan Larkin Juraj Slafkovsky Vladimir Tarasenko 35 0 2 3
2 Teddy Blueger Evgeni Dadonov Martin Necas 30 0 2 3
3 Ryan Poehling Aliaksei Protas Jake Evans 25 0 2 3
4 Ethen Frank Andreas Athanasiou Alex Iafallo 10 0 2 3
5 vs 5 Defense
Defense Defense Time % Phy DF OF
1 Adam Fox Brady Skjei 30 0 3 2
2 Damon Severson Justin Faulk 30 0 3 2
3 Ilya Lyubushkin Jack Johnson 25 0 4 1
4 Adam Fox Brady Skjei 15 0 4 1
PowerPlay Forward
Center Left Wing Right Wing Time % Phy DF OF
1 Dylan Larkin Juraj Slafkovsky Martin Necas 50 0 0 5
2 Teddy Blueger Vladimir Tarasenko Alex Iafallo 50 0 0 5
PowerPlay Defense
Defense Defense Time % Phy DF OF
1 Justin Faulk Adam Fox 50 0 0 5
2 Brady Skjei Damon Severson 50 0 0 5
Penalty Kill 4 Players Forward
Center Wing Time % Phy DF OF
1 Jake Evans Teddy Blueger 50 0 5 0
2 Ryan Poehling Alex Iafallo 50 0 5 0
Penalty Kill 4 Players Defense
Defense Defense Time % Phy DF OF
1 Adam Fox Brady Skjei 50 0 5 0
2 Damon Severson Justin Faulk 50 0 5 0
Penalty Kill - 3 Players Forward
Forward Time % Phy DF OF
1 Jake Evans 50 0 5 0
2 Teddy Blueger 50 0 5 0
Penalty Kill - 3 Players Defense
Defense Defense Time % Phy DF OF
1 Adam Fox Brady Skjei 50 0 5 0
2 Damon Severson Justin Faulk 50 0 5 0
4 vs 4 Forward
Center Wing Time % Phy DF OF
1 Dylan Larkin Martin Necas 50 1 2 2
2 Ryan Poehling Vladimir Tarasenko 50 1 2 2
4 vs 4 Defense
Defense Defense Time % Phy DF OF
1 Justin Faulk Adam Fox 50 1 3 1
2 Brady Skjei Damon Severson 50 1 3 1
Last Minutes Offensive
Center Left Wing Right Wing Defense Defense
Dylan Larkin Juraj Slafkovsky Martin Necas Adam Fox Brady Skjei
Last Minutes Defensive
Center Left Wing Right Wing Defense Defense
Teddy Blueger Aliaksei Protas Jake Evans Adam Fox Brady Skjei
Goaltenders
Starting : David Rittich
Backup : Calle Clang
Extra Forwards
Normal : Dylan Larkin, Juraj Slafkovsky, Martin Necas - PP : Dylan Larkin, Juraj Slafkovsky - PK : Teddy Blueger
Extra Defensemen
Normal : Brady Skjei, Justin Faulk, Adam Fox - PP : Adam Fox - PK : Justin Faulk, Brady Skjei
Penalty Shots
Dylan Larkin, Vladimir Tarasenko, Martin Necas, Juraj Slafkovsky, Andreas Athanasiou
Scratches
Patrik Laine (Sprained Left Ankle Injury)
% Time on Ice - Calgary Flames
Lines # - Real PCT - Wanted PCT - Time Play
Normal Forward
1 - 27% - 30% - 12:12
2 - 32% - 30% - 14:14
3 - 22% - 25% - 9:40
4 - 19% - 15% - 8:35
Normal Defense
1 - 35% - 35% - 15:48
2 - 34% - 35% - 15:11
3 - 29% - 30% - 13:02
4 - 1% - 0% - 0:40
PP Forward
1 - 50% - 50% - 3:06
2 - 50% - 50% - 3:03
PP Defense
1 - 48% - 50% - 2:58
2 - 52% - 50% - 3:11
PK Forward
1 - 48% - 50% - 2:54
2 - 52% - 50% - 3:11
PK Defense
1 - 23% - 50% - 1:25
2 - 77% - 50% - 4:40
PK3 Forward
1 - 0% - 50%
2 - 0% - 50%
PK3 Defense
1 - 0% - 50%
2 - 0% - 50%
44 Forward
1 - 49% - 50% - 1:31
2 - 51% - 50% - 1:34
44 Defense
1 - 55% - 50% - 1:42
2 - 45% - 50% - 1:23
Last Minute Offensive - 0:00
Last Minute Defensive - 0:00
Total
Forward - 60:00
Defense - 60:00
|
% Time on Ice - Montreal Canadiens
Lines # - Real PCT - Wanted PCT - Time Play
Normal Forward
1 - 32% - 35% - 14:24
2 - 30% - 30% - 13:11
3 - 22% - 25% - 9:59
4 - 16% - 10% - 7:07
Normal Defense
1 - 31% - 30% - 13:53
2 - 32% - 30% - 14:14
3 - 25% - 25% - 11:03
4 - 12% - 15% - 5:31
PP Forward
1 - 54% - 50% - 3:16
2 - 46% - 50% - 2:49
PP Defense
1 - 57% - 50% - 3:27
2 - 43% - 50% - 2:38
PK Forward
1 - 47% - 50% - 2:54
2 - 53% - 50% - 3:15
PK Defense
1 - 47% - 50% - 2:53
2 - 53% - 50% - 3:16
PK3 Forward
1 - 0% - 50%
2 - 0% - 50%
PK3 Defense
1 - 0% - 50%
2 - 0% - 50%
44 Forward
1 - 54% - 50% - 1:39
2 - 46% - 50% - 1:26
44 Defense
1 - 51% - 50% - 1:35
2 - 49% - 50% - 1:30
Last Minute Offensive - 0:00
Last Minute Defensive - 0:00
Total
Forward - 60:00
Defense - 60:00
|
Play-by-Play
1st period
0:01 of 1st period - J.T. Miller wins face-off versus Dylan Larkin in neutral zone.
0:04 of 1st period - Dylan Larkin is hit by J.T. Miller and loses puck.
1:43 of 1st period - Snap shot by Vladimir Tarasenko.
1:43 of 1st period - Stopped by Ilya Sorokin without a rebound.
1:44 of 1st period - Ryan Poehling wins face-off versus Sebastian Aho in Calgary Flames zone.
2:19 of 1st period - Slapshot by Oliver Bjorkstrand.
2:19 of 1st period - Shot Misses the Net.
2:43 of 1st period - Snap shot by Dylan Larkin.
2:43 of 1st period - Stopped by Ilya Sorokin without a rebound.
2:44 of 1st period - Sebastian Aho wins face-off versus Ryan Poehling in Calgary Flames zone.
3:43 of 1st period - Icing by Jake Middleton.
3:44 of 1st period - J.T. Miller wins face-off versus Teddy Blueger in Calgary Flames zone.
3:44 of 1st period - J.T. Miller is hit by Damon Severson.
4:02 of 1st period - Wrist shot by J.T. Miller.
4:02 of 1st period - Shot Blocked by Justin Faulk.
4:12 of 1st period - Slapshot by Martin Necas.
4:12 of 1st period - Stopped by Ilya Sorokin with a rebound.
4:46 of 1st period - Snap shot by Matthew Tkachuk.
4:46 of 1st period - Shot Misses the Net.
4:54 of 1st period - Slapshot by Evgeni Dadonov.
4:54 of 1st period - Stopped by Ilya Sorokin without a rebound.
4:55 of 1st period - Ryan Poehling wins face-off versus Bo Horvat in Calgary Flames zone.
4:55 of 1st period - Adam Fox is hit by Jeremy Lauzon and loses puck.
5:06 of 1st period - Snap shot by Bo Horvat.
5:06 of 1st period - Deflect By Oliver Bjorkstrand.
5:06 of 1st period - Stopped by David Rittich with a rebound.
5:12 of 1st period - Wrist shot by Oliver Bjorkstrand.
5:12 of 1st period - Shot Misses the Net.
5:32 of 1st period - Snap shot by Joel Eriksson Ek.
5:32 of 1st period - Shot Blocked by Brady Skjei.
7:36 of 1st period - Backhand shot by Nicholas Paul.
7:36 of 1st period - Deflect By Nic Dowd.
7:36 of 1st period - Stopped by David Rittich with a rebound.
7:38 of 1st period - Slapshot by Jeremy Lauzon.
7:38 of 1st period - Shot Misses the Net.
8:17 of 1st period - Slapshot by Juraj Slafkovsky.
8:17 of 1st period - Stopped by Ilya Sorokin with a rebound.
8:37 of 1st period - Slapshot by Chris Kreider.
8:37 of 1st period - Shot Blocked by Brady Skjei.
8:43 of 1st period - Chris Kreider is hit by Adam Fox and loses puck.
8:52 of 1st period - Chris Kreider is hit by Justin Faulk and loses puck.
9:24 of 1st period - Wrist shot by Martin Necas.
9:24 of 1st period - Stopped by Ilya Sorokin without a rebound.
9:25 of 1st period - Bo Horvat wins face-off versus Teddy Blueger in Calgary Flames zone.
9:36 of 1st period - Wrist shot by Martin Necas.
9:36 of 1st period - Shot Blocked by Cale Makar.
9:38 of 1st period - Backhand shot by Martin Necas.
9:38 of 1st period - Goal by Martin Necas - Calgary Flames : 0 - Montreal Canadiens : 1.
9:39 of 1st period - Sebastian Aho wins face-off versus Dylan Larkin in neutral zone.
9:46 of 1st period - Snap shot by Joel Eriksson Ek.
9:46 of 1st period - Shot Blocked by Brady Skjei.
9:48 of 1st period - Snap shot by Joel Eriksson Ek.
9:48 of 1st period - Stopped by David Rittich with a rebound.
9:50 of 1st period - Snap shot by Joel Eriksson Ek.
9:50 of 1st period - Goal by Joel Eriksson Ek - Calgary Flames : 1 - Montreal Canadiens : 1.
9:51 of 1st period - Dylan Larkin wins face-off versus Sebastian Aho in neutral zone.
10:55 of 1st period - Icing by Mathieu Joseph.
10:56 of 1st period - Dylan Larkin wins face-off versus Nicholas Paul in Calgary Flames zone.
11:13 of 1st period - Ilya Lyubushkin is hit by Jeremy Lauzon and loses puck.
11:53 of 1st period - Snap shot by J.T. Miller.
11:53 of 1st period - Deflect By Chris Kreider.
11:53 of 1st period - Shot Misses the Net.
11:53 of 1st period - Puck is out of play.
11:54 of 1st period - Dylan Larkin wins face-off versus J.T. Miller in Montreal Canadiens zone.
12:13 of 1st period - Wrist shot by Matthew Tkachuk.
12:13 of 1st period - Stopped by David Rittich with a rebound.
12:43 of 1st period - Slapshot by Matthew Tkachuk.
12:43 of 1st period - Shot Misses the Net.
12:45 of 1st period - Snap shot by Chris Kreider.
12:45 of 1st period - Shot Hit the Post.
12:47 of 1st period - Slapshot by Jake Middleton.
12:47 of 1st period - Shot Misses the Net.
12:55 of 1st period - Wrist shot by Juraj Slafkovsky.
12:55 of 1st period - Stopped by Ilya Sorokin without a rebound.
12:56 of 1st period - Bo Horvat wins face-off versus Teddy Blueger in Calgary Flames zone.
13:21 of 1st period - Aliaksei Protas is hit by Zach Hyman and loses puck.
13:26 of 1st period - Wrist shot by Sebastian Aho.
13:26 of 1st period - Stopped by David Rittich with a rebound.
13:28 of 1st period - Wrist shot by Sebastian Aho.
13:28 of 1st period - Goal by Sebastian Aho - Calgary Flames : 2 - Montreal Canadiens : 1.
13:29 of 1st period - Teddy Blueger wins face-off versus Sebastian Aho in neutral zone.
13:37 of 1st period - Wrist shot by Martin Necas.
13:37 of 1st period - Stopped by Ilya Sorokin with a rebound.
13:41 of 1st period - Slapshot by Martin Necas.
13:41 of 1st period - Stopped by Ilya Sorokin without a rebound.
13:42 of 1st period - Bo Horvat wins face-off versus Ryan Poehling in Calgary Flames zone.
13:55 of 1st period - Wrist shot by Oliver Bjorkstrand.
13:55 of 1st period - Shot Blocked by Adam Fox.
13:57 of 1st period - Wrist shot by Oliver Bjorkstrand.
13:57 of 1st period - Stopped by David Rittich without a rebound.
13:58 of 1st period - Sebastian Aho wins face-off versus Dylan Larkin in Montreal Canadiens zone.
14:27 of 1st period - Icing by Bo Horvat.
14:28 of 1st period - Bo Horvat wins face-off versus Teddy Blueger in Calgary Flames zone.
14:40 of 1st period - Wrist shot by Pavel Zacha.
14:40 of 1st period - Stopped by David Rittich with a rebound.
14:57 of 1st period - Off-side.
14:58 of 1st period - Ryan Poehling wins face-off versus Sebastian Aho in neutral zone.
15:25 of 1st period - Aliaksei Protas is hit by Joel Eriksson Ek and loses puck.
15:33 of 1st period - Icing by Adam Fox.
15:34 of 1st period - J.T. Miller wins face-off versus Ryan Poehling in Montreal Canadiens zone.
15:47 of 1st period - Slapshot by Matthew Tkachuk.
15:47 of 1st period - Stopped by David Rittich without a rebound.
15:48 of 1st period - Dylan Larkin wins face-off versus Nicholas Paul in Montreal Canadiens zone.
16:43 of 1st period - Slapshot by Oliver Bjorkstrand.
16:43 of 1st period - Shot Misses the Net.
16:45 of 1st period - Snap shot by Bo Horvat.
16:45 of 1st period - Shot Blocked by Justin Faulk.
16:59 of 1st period - Slapshot by Aliaksei Protas.
16:59 of 1st period - Deflect By Ryan Poehling.
16:59 of 1st period - Stopped by Ilya Sorokin with a rebound.
17:15 of 1st period - Damon Severson is hit by Drew Doughty and loses puck.
17:32 of 1st period - Snap shot by Ryan Poehling.
17:32 of 1st period - Stopped by Ilya Sorokin without a rebound.
17:33 of 1st period - Dylan Larkin wins face-off versus J.T. Miller in Calgary Flames zone.
18:45 of 1st period - Wrist shot by Aliaksei Protas.
18:45 of 1st period - Shot Blocked by Mathieu Joseph.
18:51 of 1st period - Slapshot by Cale Makar.
18:51 of 1st period - Deflect By Adam Fox.
18:51 of 1st period - Stopped by David Rittich with a rebound.
18:53 of 1st period - Slapshot by Nic Dowd.
18:53 of 1st period - Shot Misses the Net.
19:13 of 1st period - Snap shot by Chris Kreider.
19:13 of 1st period - Stopped by David Rittich without a rebound.
19:14 of 1st period - Dylan Larkin wins face-off versus Sebastian Aho in Montreal Canadiens zone.
19:29 of 1st period - Wrist shot by Juraj Slafkovsky.
19:29 of 1st period - Shot Misses the Net.
19:31 of 1st period - Minor Penalty to Joel Eriksson Ek for Cross-checking.
19:32 of 1st period - J.T. Miller wins face-off versus Dylan Larkin in Calgary Flames zone.
19:38 of 1st period - Minor Penalty to Juraj Slafkovsky for Holding.
19:39 of 1st period - Dylan Larkin wins face-off versus J.T. Miller in Montreal Canadiens zone.
Goals for this period are 2 for Calgary Flames vs 1 for Montreal Canadiens.
Shots for this period are 12 for Calgary Flames vs 12 for Montreal Canadiens.
2nd period
0:01 of 2nd period - Ryan Poehling wins face-off versus Sebastian Aho in neutral zone.
1:31 of 2nd period - Penalty to Joel Eriksson Ek is over, Joel Eriksson Ek is back on ice.
1:34 of 2nd period - Damon Severson is hit by Pavel Zacha and loses puck.
1:38 of 2nd period - Penalty to Juraj Slafkovsky is over, Juraj Slafkovsky is back on ice.
1:50 of 2nd period - Damon Severson is hit by Bo Horvat and loses puck.
2:33 of 2nd period - Snap shot by Chris Kreider.
2:33 of 2nd period - Deflect By Sebastian Aho.
2:33 of 2nd period - Shot Misses the Net.
2:33 of 2nd period - Puck is out of play.
2:34 of 2nd period - Teddy Blueger wins face-off versus Sebastian Aho in Montreal Canadiens zone.
2:45 of 2nd period - Wrist shot by Zach Hyman.
2:45 of 2nd period - Stopped by David Rittich with a rebound.
2:57 of 2nd period - Slapshot by Adam Fox.
2:57 of 2nd period - Deflect By Ethen Frank.
2:57 of 2nd period - Shot Misses the Net.
2:57 of 2nd period - Puck is out of play.
2:58 of 2nd period - Andreas Athanasiou wins face-off versus J.T. Miller in Calgary Flames zone.
3:41 of 2nd period - Wrist shot by Matthew Tkachuk.
3:41 of 2nd period - Shot Misses the Net.
3:43 of 2nd period - Slapshot by Jeremy Lauzon.
3:43 of 2nd period - Stopped by David Rittich with a rebound.
3:53 of 2nd period - Wrist shot by Andreas Athanasiou.
3:53 of 2nd period - Shot Blocked by Filip Hronek.
4:17 of 2nd period - Wrist shot by Alex Iafallo.
4:17 of 2nd period - Stopped by Ilya Sorokin with a rebound.
4:19 of 2nd period - Slapshot by Justin Faulk.
4:19 of 2nd period - Shot Misses the Net.
4:21 of 2nd period - Slapshot by Justin Faulk.
4:21 of 2nd period - Shot Misses the Net.
4:23 of 2nd period - Wrist shot by Andreas Athanasiou.
4:23 of 2nd period - Deflect By Alex Iafallo.
4:23 of 2nd period - Shot Misses the Net.
4:23 of 2nd period - Puck is out of play.
4:24 of 2nd period - Bo Horvat wins face-off versus Dylan Larkin in Calgary Flames zone.
4:33 of 2nd period - Snap shot by Drew Doughty.
4:33 of 2nd period - Stopped by David Rittich with a rebound.
4:42 of 2nd period - Icing by Dylan Larkin.
4:43 of 2nd period - Sebastian Aho wins face-off versus Dylan Larkin in Montreal Canadiens zone.
4:50 of 2nd period - Slapshot by Sebastian Aho.
4:50 of 2nd period - Shot Misses the Net.
5:39 of 2nd period - Wrist shot by Nicholas Paul.
5:39 of 2nd period - Shot Misses the Net.
6:02 of 2nd period - Brady Skjei is hit by Zach Hyman.
6:27 of 2nd period - Snap shot by Ryan Poehling.
6:27 of 2nd period - Stopped by Ilya Sorokin without a rebound.
6:28 of 2nd period - Nicholas Paul wins face-off versus Ryan Poehling in Calgary Flames zone.
6:35 of 2nd period - Wrist shot by Mathieu Joseph.
6:35 of 2nd period - Stopped by David Rittich with a rebound.
6:56 of 2nd period - Wrist shot by Nicholas Paul.
6:56 of 2nd period - Stopped by David Rittich without a rebound.
6:57 of 2nd period - Dylan Larkin wins face-off versus Sebastian Aho in Montreal Canadiens zone.
7:20 of 2nd period - Minor Penalty to Juraj Slafkovsky for Tripping.
7:21 of 2nd period - J.T. Miller wins face-off versus Jake Evans in Montreal Canadiens zone.
8:19 of 2nd period - Ryan Poehling is hit by Pavel Zacha and loses puck.
9:20 of 2nd period - Penalty to Juraj Slafkovsky is over, Juraj Slafkovsky is back on ice.
9:56 of 2nd period - Alex Iafallo is hit by Cale Makar and loses puck.
10:15 of 2nd period - Slapshot by Ryan Poehling.
10:15 of 2nd period - Shot Blocked by Drew Doughty.
10:17 of 2nd period - Slapshot by Alex Iafallo.
10:17 of 2nd period - Stopped by Ilya Sorokin without a rebound.
10:18 of 2nd period - Bo Horvat wins face-off versus Teddy Blueger in Calgary Flames zone.
10:58 of 2nd period - Minor Penalty to Joel Eriksson Ek for Holding.
10:59 of 2nd period - Dylan Larkin wins face-off versus Sebastian Aho in Calgary Flames zone.
11:06 of 2nd period - Wrist shot by Martin Necas.
11:06 of 2nd period - Shot Blocked by Sebastian Aho.
12:58 of 2nd period - Penalty to Joel Eriksson Ek is over, Joel Eriksson Ek is back on ice.
14:27 of 2nd period - Damon Severson is hit by Matthew Tkachuk.
14:37 of 2nd period - Snap shot by Nicholas Paul.
14:37 of 2nd period - Shot Blocked by Justin Faulk.
16:09 of 2nd period - Snap shot by Nicholas Paul.
16:09 of 2nd period - Deflect By Mathieu Joseph.
16:09 of 2nd period - Shot Blocked by Evgeni Dadonov.
16:09 of 2nd period - Puck is out of play.
16:10 of 2nd period - Dylan Larkin wins face-off versus Bo Horvat in Montreal Canadiens zone.
16:49 of 2nd period - Ryan Poehling is hit by J.T. Miller and loses puck.
17:27 of 2nd period - Slapshot by Alex Iafallo.
17:27 of 2nd period - Stopped by Ilya Sorokin with a rebound.
17:41 of 2nd period - Vladimir Tarasenko is hit by Bo Horvat and loses puck.
18:25 of 2nd period - Snap shot by Evgeni Dadonov.
18:25 of 2nd period - Shot Blocked by Zach Hyman.
18:43 of 2nd period - Andreas Athanasiou is hit by Nicholas Paul and loses puck.
18:54 of 2nd period - Snap shot by Nicholas Paul.
18:54 of 2nd period - Stopped by David Rittich without a rebound.
18:55 of 2nd period - J.T. Miller wins face-off versus Dylan Larkin in Montreal Canadiens zone.
19:19 of 2nd period - Icing by Matthew Tkachuk.
19:20 of 2nd period - Teddy Blueger wins face-off versus J.T. Miller in Calgary Flames zone.
19:27 of 2nd period - Wrist shot by Evgeni Dadonov.
19:27 of 2nd period - Stopped by Ilya Sorokin with a rebound.
19:29 of 2nd period - Snap shot by Evgeni Dadonov.
19:29 of 2nd period - Stopped by Ilya Sorokin without a rebound.
19:30 of 2nd period - Sebastian Aho wins face-off versus Teddy Blueger in Calgary Flames zone.
19:32 of 2nd period - Icing by Zach Hyman.
19:33 of 2nd period - Juraj Slafkovsky wins face-off versus Sebastian Aho in Calgary Flames zone.
19:42 of 2nd period - Wrist shot by Dylan Larkin.
19:42 of 2nd period - Stopped by Ilya Sorokin with a rebound.
19:44 of 2nd period - Wrist shot by Dylan Larkin.
19:44 of 2nd period - Stopped by Ilya Sorokin with a rebound.
19:56 of 2nd period - Sebastian Aho is hit by Juraj Slafkovsky and loses puck.
Goals for this period are 0 for Calgary Flames vs 0 for Montreal Canadiens.
Shots for this period are 6 for Calgary Flames vs 8 for Montreal Canadiens.
3rd period
0:01 of 3rd period - J.T. Miller wins face-off versus Juraj Slafkovsky in neutral zone.
0:03 of 3rd period - Off-side.
0:04 of 3rd period - Vladimir Tarasenko wins face-off versus J.T. Miller in neutral zone.
1:17 of 3rd period - Snap shot by Mathieu Joseph.
1:17 of 3rd period - Goal by Mathieu Joseph - Calgary Flames : 3 - Montreal Canadiens : 1.
1:18 of 3rd period - Dylan Larkin wins face-off versus J.T. Miller in neutral zone.
1:36 of 3rd period - Minor Penalty to Adam Fox for Slashing.
1:37 of 3rd period - Jake Evans wins face-off versus Sebastian Aho in Montreal Canadiens zone.
3:00 of 3rd period - Icing by Kris Letang.
3:01 of 3rd period - Ryan Poehling wins face-off versus Matthew Tkachuk in Calgary Flames zone.
3:20 of 3rd period - Brady Skjei is hit by Jeremy Lauzon and loses puck.
3:36 of 3rd period - Penalty to Adam Fox is over, Adam Fox is back on ice.
4:45 of 3rd period - Dylan Larkin is hit by Filip Hronek and loses puck.
5:13 of 3rd period - Off-side.
5:14 of 3rd period - Ethen Frank wins face-off versus J.T. Miller in neutral zone.
5:27 of 3rd period - Wrist shot by Andreas Athanasiou.
5:27 of 3rd period - Stopped by Ilya Sorokin with a rebound.
5:29 of 3rd period - Slapshot by Jack Johnson.
5:29 of 3rd period - Stopped by Ilya Sorokin without a rebound.
5:30 of 3rd period - Bo Horvat wins face-off versus Dylan Larkin in Calgary Flames zone.
5:39 of 3rd period - Wrist shot by Pavel Zacha.
5:39 of 3rd period - Shot Blocked by Damon Severson.
5:41 of 3rd period - Slapshot by Jeremy Lauzon.
5:41 of 3rd period - Stopped by David Rittich with a rebound.
5:43 of 3rd period - Slapshot by Kris Letang.
5:43 of 3rd period - Shot Blocked by Justin Faulk.
5:45 of 3rd period - Slapshot by Kris Letang.
5:45 of 3rd period - Shot Blocked by Vladimir Tarasenko.
5:47 of 3rd period - Wrist shot by Pavel Zacha.
5:47 of 3rd period - Stopped by David Rittich with a rebound.
5:59 of 3rd period - Wrist shot by Martin Necas.
5:59 of 3rd period - Shot Misses the Net.
6:01 of 3rd period - Snap shot by Teddy Blueger.
6:01 of 3rd period - Shot Misses the Net.
6:03 of 3rd period - Snap shot by Evgeni Dadonov.
6:03 of 3rd period - Shot Misses the Net.
6:05 of 3rd period - Slapshot by Damon Severson.
6:05 of 3rd period - Shot Blocked by Kris Letang.
7:35 of 3rd period - Backhand shot by Bo Horvat.
7:35 of 3rd period - Stopped by David Rittich without a rebound.
7:36 of 3rd period - Dylan Larkin wins face-off versus Sebastian Aho in Montreal Canadiens zone.
8:02 of 3rd period - Vladimir Tarasenko is hit by Drew Doughty and loses puck.
8:09 of 3rd period - Snap shot by Mathieu Joseph.
8:09 of 3rd period - Shot Blocked by Brady Skjei.
8:11 of 3rd period - Slapshot by Kris Letang.
8:11 of 3rd period - Deflect By Dylan Larkin.
8:11 of 3rd period - Stopped by David Rittich without a rebound.
8:12 of 3rd period - J.T. Miller wins face-off versus Teddy Blueger in Montreal Canadiens zone.
8:16 of 3rd period - Minor Penalty to Martin Necas for Tripping.
8:17 of 3rd period - Jake Evans wins face-off versus J.T. Miller in Montreal Canadiens zone.
8:29 of 3rd period - Wrist shot by Matthew Tkachuk.
8:29 of 3rd period - Shot Misses the Net.
8:31 of 3rd period - Wrist shot by Matthew Tkachuk.
8:31 of 3rd period - Stopped by David Rittich without a rebound.
8:32 of 3rd period - Jake Evans wins face-off versus Sebastian Aho in Montreal Canadiens zone.
8:43 of 3rd period - Snap shot by Sebastian Aho.
8:43 of 3rd period - Stopped by David Rittich without a rebound.
8:44 of 3rd period - Ryan Poehling wins face-off versus J.T. Miller in Montreal Canadiens zone.
8:59 of 3rd period - Snap shot by Matthew Tkachuk.
8:59 of 3rd period - Stopped by David Rittich without a rebound.
9:00 of 3rd period - Jake Evans wins face-off versus Zach Hyman in Montreal Canadiens zone.
9:12 of 3rd period - Off-side.
9:13 of 3rd period - Chris Kreider wins face-off versus Ryan Poehling in neutral zone.
9:24 of 3rd period - Snap shot by J.T. Miller.
9:24 of 3rd period - Shot Misses the Net.
9:26 of 3rd period - Slapshot by Kris Letang.
9:26 of 3rd period - Shot Blocked by Damon Severson.
9:44 of 3rd period - Wrist shot by Kris Letang.
9:44 of 3rd period - Shot Misses the Net.
9:48 of 3rd period - Slapshot by Pavel Zacha.
9:48 of 3rd period - Stopped by David Rittich with a rebound.
9:50 of 3rd period - Snap shot by Sebastian Aho.
9:50 of 3rd period - Shot Misses the Net.
9:59 of 3rd period - Off-side.
10:00 of 3rd period - Ryan Poehling wins face-off versus J.T. Miller in neutral zone.
10:16 of 3rd period - Penalty to Martin Necas is over, Martin Necas is back on ice.
10:54 of 3rd period - Snap shot by Alex Iafallo.
10:54 of 3rd period - Stopped by Ilya Sorokin with a rebound.
11:06 of 3rd period - Wrist shot by Ryan Poehling.
11:06 of 3rd period - Stopped by Ilya Sorokin with a rebound.
11:14 of 3rd period - Snap shot by Nicholas Paul.
11:14 of 3rd period - Deflect By Nic Dowd.
11:14 of 3rd period - Shot Misses the Net.
11:14 of 3rd period - Puck is out of play.
11:15 of 3rd period - J.T. Miller wins face-off versus Teddy Blueger in Montreal Canadiens zone.
12:14 of 3rd period - Double Minor Penalty to Jeremy Lauzon for High sticking.
12:15 of 3rd period - J.T. Miller wins face-off versus Vladimir Tarasenko in Calgary Flames zone.
12:25 of 3rd period - Snap shot by Vladimir Tarasenko.
12:25 of 3rd period - Stopped by Ilya Sorokin with a rebound.
14:16 of 3rd period - Snap shot by Pavel Zacha.
14:16 of 3rd period - Shot Misses the Net.
15:12 of 3rd period - Brady Skjei is hit by Kris Letang.
16:14 of 3rd period - Penalty to Jeremy Lauzon is over, Jeremy Lauzon is back on ice.
18:26 of 3rd period - Snap shot by Jake Evans.
18:26 of 3rd period - Shot Blocked by Pavel Zacha.
18:28 of 3rd period - Slapshot by Ethen Frank.
18:28 of 3rd period - Deflect By Andreas Athanasiou.
18:28 of 3rd period - Stopped by Ilya Sorokin without a rebound.
18:29 of 3rd period - Teddy Blueger wins face-off versus Sebastian Aho in Calgary Flames zone.
18:41 of 3rd period - Minor Penalty to Justin Faulk for Interference.
18:42 of 3rd period - Jake Evans wins face-off versus Sebastian Aho in Montreal Canadiens zone.
18:46 of 3rd period - Minor Penalty to Zach Hyman for Tripping.
18:47 of 3rd period - J.T. Miller wins face-off versus Ryan Poehling in Calgary Flames zone.
19:00 of 3rd period - Snap shot by J.T. Miller.
19:00 of 3rd period - Shot Misses the Net.
19:06 of 3rd period - Chris Kreider is hit by Ryan Poehling and loses puck.
19:25 of 3rd period - Slapshot by Joel Eriksson Ek.
19:25 of 3rd period - Stopped by David Rittich with a rebound.
19:27 of 3rd period - Snap shot by Joel Eriksson Ek.
19:27 of 3rd period - Stopped by David Rittich without a rebound.
19:28 of 3rd period - Sebastian Aho wins face-off versus Dylan Larkin in Montreal Canadiens zone.
19:41 of 3rd period - Slapshot by Sebastian Aho.
19:41 of 3rd period - Stopped by David Rittich with a rebound.
19:43 of 3rd period - Wrist shot by Joel Eriksson Ek.
19:43 of 3rd period - Shot Misses the Net.
Goals for this period are 1 for Calgary Flames vs 0 for Montreal Canadiens.
Shots for this period are 12 for Calgary Flames vs 6 for Montreal Canadiens.
Back to the Top